 Dungeon Crawl Stone Soup version 0.18.1-8-gdd0e5ea (webtiles) character file.

171 Jersh the Cudgeler (level 5, -7/50 HPs)
             Began as a Deep Dwarf Berserker on June 4, 2016.
             Was a Priest of Trog.
             Mangled by an ogre
             ... wielding a +0 giant club
              (22 damage)
             ... on level 4 of the Dungeon.
             The game lasted 00:23:24 (1668 turns).

Jersh the Cudgeler (Deep Dwarf Berserker)           Turns: 1668, Time: 00:23:24

Health: -7/50      AC:  8    Str: 21    XL:     5   Next: 26%
Magic:  2/5        EV: 11    Int:  8    God:    Trog [***...]
Gold:   69         SH:  4    Dex: 14    Spells: 0 memorised, 4 levels left

rFire  . . .     SeeInvis .     a - +0 mace
rCold  . . .     Gourm    .     s - +0 scale mail
rNeg   . . .     Faith    .     x - +0 buckler
rPois  .         Spirit   .     A - +2 hat
rElec  .         Dismiss  .     (no cloak)
rCorr  .         Reflect  .     (no gloves)
SustAt .         Harm     .     (no boots)
MR     .....                    (no amulet)
Stlth  ..........               (no ring)
                                (no ring)

@: lethally poisoned (-7 -> -7), non-regenerating, not resistant to hostile
enchantments, extremely unstealthy
A: damage resistance, recharge devices, horns 1, agile 1, sense surroundings 1,
slow regeneration 3, MP-powered wands
a: Device Recharging, Berserk, Trog's Hand, Burn Spellbooks, Renounce Religion


You were on level 4 of the Dungeon.
You worshipped Trog.
Trog was most pleased with you.
You were not hungry.

You visited 1 branch of the dungeon, and saw 4 of its levels.

You collected 69 gold pieces.

Inventory:

Hand Weapons
 a - a +0 mace (weapon)
 g - a +0 hand axe
 h - a +0 club
 i - a +0 club
 j - a +0 trident
 o - a +0 dagger
 y - a +0 hunting sling
 z - a +0 whip
 B - a +0 spear
Missiles
 f - a throwing net (quivered)
 n - 54 arrows
 r - 6 tomahawks
 v - 39 bolts
Armour
 b - a +0 animal skin
 e - a +0 leather armour
 k - a +0 leather armour
 m - a +0 ring mail
 s - a +0 scale mail (worn)
 t - a +0 ring mail
 w - a +0 scale mail
 x - a +0 buckler (worn)
 A - a +2 hat (worn)
Wands
 c - a wand of heal wounds (8/9)
Scrolls
 q - a scroll of remove curse
 u - 2 scrolls of noise
Comestibles
 d - a bread ration
 l - 2 meat rations


   Skills:
 + Level 3.6 Fighting
 + Level 3.9 Maces & Flails
 + Level 3.2 Armour
 + Level 3.4 Dodging
 + Level 0.3 Stealth
 + Level 0.9 Shields


You had 4 spell levels left.
You didn't know any spells.

Dungeon Overview and Level Annotations

Branches:
Dungeon (4/15)
 Temple: D:4-7

Altars:
Makhleb
The Shining One


Innate Abilities, Weirdness & Mutations

You are resistant to damage.
You can recharge devices by infusing magical energy.
You passively map a small area around you.
You do not regenerate naturally.
You have a pair of small horns on your head.
You are agile. (Dex +2)
You expend magic power (3 MP) to strengthen your wands.


Message History

You miss the adder.
The adder is heavily wounded.
The giant gecko bites you but does no damage.
The adder closely misses you. You block the gnoll's attack.
The giant gecko bites you but does no damage.
You hit the adder.
You kill the adder!
Trog accepts your kill.
The giant gecko bites you but does no damage.
The gnoll throws a throwing net.
The throwing net misses you. The gnoll closely misses you.
You closely miss the giant gecko. You headbutt the giant gecko.
You kill the giant gecko!
Trog accepts your kill. The gnoll misses you.
You hit the gnoll. Your headbutt misses the gnoll.
The gnoll is moderately wounded.
The gnoll barely misses you. You block the gnoll's attack.
The ogre hits you with a giant club!!
You die...

, , . ** ,#####.# * .#
..<.... *#.#** , ....... ,
*#... , , , ###.....O.
###... * * ######gg.g.....
....# #######....go$.......
.(######.......#.O###.......
...........(....@g)o........
,
.......>.........####.######
(########.......## .# ##
#.......# , o. # * #.......#
.., .(.......# , ,..
.##.......# , **. #.......#
* #.......# *


You could see an ogre, 4 gnolls and 2 orcs.

Vanquished Creatures
  2 orc priests
  A gnoll shaman (D:4)
  3 adders
  3 dart slugs
  3 giant geckos
  3 orcs (D:3)
  4 bats
  4 giant cockroaches
  6 goblins
  4 hobgoblins
  6 kobolds
  A ball python (D:1)
  3 giant newts
  5 rats
48 creatures vanquished.

Notes
Turn   | Place    | Note
--------------------------------------------------------------
     0 | D:1      | Jersh the Deep Dwarf Berserker began the quest for the Orb.
     0 | D:1      | Reached XP level 1. HP: 20/20 MP: 1/1
   206 | D:1      | Reached XP level 2. HP: 25/28 MP: 2/2
   710 | D:2      | Reached ** piety under Trog
  1016 | D:2      | Reached XP level 3. HP: 16/34 MP: 3/3
  1111 | D:3      | Gained mutation: You are agile. (Dex +2) [potion of mutation]
  1111 | D:3      | Gained mutation: You have a pair of small horns on your head. [potion of mutation]
  1111 | D:3      | Gained mutation: You expend magic power (3 MP) to strengthen your wands. [potion of mutation]
  1214 | D:3      | Found a burning altar of Makhleb.
  1457 | D:3      | Found a glowing golden altar of the Shining One.
  1506 | D:3      | Reached XP level 4. HP: 15/42 MP: 4/4
  1637 | D:4      | Noticed an ogre
  1657 | D:4      | Reached XP level 5. HP: 17/50 MP: 1/5
  1667 | D:4      | Reached *** piety under Trog
  1668 | D:4      | Mangled by an ogre

Skill      XL: |  1  2  3  4 |
---------------+-------------+-----
Fighting       | 3 |  3.6
Dodging        | 3 |  3.4
Armour         | 3 |  3.2
Maces & Flails | |  3.9
Stealth        | |  0.3
Shields        | |  0.9

Action                   |  1- 3 |  4- 6 || total
-------------------------+-------+-------++-------
Melee: Mace              |   141 |    30 ||   171
       Headbutt          |     8 |     9 ||    17
Evoke: Wand              |       |     2 ||     2
  Use: Potion            |     8 |     5 ||    13
       Scroll            |     2 |     2 ||     4
  Eat: Bread ration      |     1 |       ||     1
Armor: Animal skin       |     1 |       ||     1
       Leather armour    |    14 |       ||    14
       Scale mail        |    30 |    21 ||    51
Dodge: Dodged            |    91 |    32 ||   123
Block: Buckler           |     2 |    14 ||    16
